 Dungeon Crawl Stone Soup version 0.31.0-32-g396128a36d (webtiles) character file.

Game seed: 10469698740811025563

79 mainiacjoe the Ruffian (level 4, -2/42 HPs)
             Began as a Troll Gladiator on Apr 6, 2024.
             Slain by an orc
             ... wielding a +0 hand axe
              (5 damage)
             ... on level 3 of the Dungeon.
             The game lasted 00:04:20 (2081 turns).

mainiacjoe the Ruffian (Troll Gladiator)            Turns: 2081, Time: 00:04:20

Health: -2/42      AC:  5    Str: 22    XL:     4   Next: 16%
Magic:  3/3        EV: 10    Int:  4    God:
Gold:   129        SH:  0    Dex: 13    Spells: 3/3 levels left

rFire   . .          .
                       - Unarmed
rCold   . . .        (no shield)
rNeg    . . .        a - +0 robe
rPois   .            b - +1 hat
rElec   .            (no cloak)
rCorr   .            (gloves unavailable)
SInv    .            (boots unavailable)
Will    .....        (no amulet)
Stlth   +            j - ring of wizardry
HPRegen 1.07/turn    (no ring)
MPRegen 0.08/turn

%: wizardry (x1)
@: no status effects
A: large, unfitting armour, claws 3, regeneration 1, shaggy fur 1, tough skin 1
a: no special abilities


You were on level 3 of the Dungeon.
You visited 1 branch of the dungeon, and saw 3 of its levels.

You collected 129 gold pieces.

Inventory:

Missiles
 c - 3 throwing nets {=F}
 d - a large rock
 g - 10 stones
 h - 5 poisoned darts
Armour
 a - a +0 robe (worn)
 b - a +1 hat (worn)
Jewellery
 j - a ring of wizardry (left claw)
Scrolls
 e - 2 scrolls of identify
 f - a scroll of poison
 k - a scroll of fog
Potions
 i - a potion of heal wounds {unknown}
 l - a potion of brilliance {unknown}


   Skills:
 + Level 2.2 Fighting
 - Level 1.7 Throwing
 + Level 2.9 Dodging
 * Level 4.1 Unarmed Combat


You had 3 spell levels left.
You didn't know any spells.
Your spell library was empty.

Dungeon Overview and Level Annotations

Branches:
Dungeon (3/15)

Altars:
The Shining One


Innate Abilities, Weirdness & Mutations

You are too large for most types of armour.
You have claws for hands.
Your natural rate of healing is unusually fast.
You are covered in fur. (AC +1)
You have tough skin. (AC +1)


Message History

No target in view!
No target in view!
No target in view!
No target in view!
You see here a quokka corpse.
You see here a quokka corpse.
You enter the shallow water.
Found a stone staircase leading down.
Your library has no spells.
Unknown command.
There is a stone staircase leading down here.
Found a robe.
You open the door.
There is an open door here.
An orc priest and 2 orcs come into view.
The orc priest shouts!
The orc shouts!
The orc priest moves out of view.
The orc priest mumbles some strange prayers to Beogh against you.
Beogh smites you! The orc priest barely misses you.
The orc hits you with a +0 hand axe.
You barely miss the orc priest. The orc closely misses you.
The orc completely misses you. The orc priest closely misses you.
You barely miss the orc priest. The orc closely misses you.
The orc priest calls down the wrath of Beogh upon you.
Beogh smites you! The orc hits you with a +0 war axe!
* * * LOW HITPOINT WARNING * * *
You are too injured to fight recklessly!
You are too injured to fight recklessly!
You are too injured to fight recklessly!
Unknown command.
You claw the orc priest!
The orc priest is almost dead.
The orc priest hits you with a +0 whip.
* * * LOW HITPOINT WARNING * * *
The orc hits you with a +0 war axe.
* * * LOW HITPOINT WARNING * * *
The orc closely misses you.
You claw the orc!
You kill the orc!
The orc hits you with a +0 hand axe.
You die...

#########
#.###
#.###......
#.#.......#
#.#.......##
#.#........#
#.#........#
#.#.........
##.#..).....#
#....@o......
#.....o......
+............
#............
#............
#............
#............
#............


You could see an orc priest and an orc.

Vanquished Creatures
  A bombardier beetle (D:3)
  An adder (D:2)
  A ribbon worm (D:3)
  An orc (D:3)
  3 endoplasms (D:2)
  A giant cockroach (D:1)
  3 goblins
  3 hobgoblins
  3 jackals (D:3)
  2 quokkas
  3 ball pythons (D:1)
  4 bats
  2 frilled lizards
  2 kobolds
  3 rats
33 creatures vanquished.

Notes
Turn   | Place    | Note
-------+----------+-------------------------------------------
     0 | D:1      | mainiacjoe the Troll Gladiator began the quest for the Orb.
     0 | D:1      | Reached XP level 1. HP: 19/19 MP: 0/0
   392 | D:1      | Reached XP level 2. HP: 28/28 MP: 1/1
   987 | D:2      | Found a glowing golden altar of the Shining One.
  1333 | D:2      | Reached XP level 3. HP: 35/35 MP: 2/2
  1918 | D:3      | Found a faded altar of an unknown god.
  1938 | D:3      | Reached skill level 4 in Unarmed Combat
  1938 | D:3      | Reached XP level 4. HP: 19/42 MP: 3/3
  2080 | D:3      | HP: 2/42 [orc/+0 war axe (6)]
  2081 | D:3      | Slain by an orc

Illustrated notes

Levels and vault maps discovered:
D:1:      dpeg_arrival_round_b, layout_loops_corners, minivault_19,
          wander_ebering_terrifying_dragon_lair
D:2:      layout_basic, serial_forest, infiniplex_forest_clump_diagonal,
          infiniplex_forest_clump_tiny, infiniplex_forest_end_2,
          infiniplex_forest_end_2, infiniplex_forest_lined_2,
          infiniplex_forest_lined_2, basic_altar
D:3:      layout_basic, lemuel_zombie_altar_yredelemnul,
          nicolae_ecumenical_lake_church, serial_rivers,
          chequers_serial_rivers_small_3, chequers_serial_rivers_micro_c,
          chequers_serial_rivers_small_b, chequers_serial_rivers_marsh

Skill      XL: |  1  2  3 |
---------------+----------+-----
Fighting       | 2 |  2.2
Unarmed Combat | 4 |  4.1
Throwing       | |  1.7
Dodging        | |  2.9

Action                     |  1- 3 |  4- 6 || total
---------------------------+-------+-------++-------
  Melee: Unarmed           |   112 |     8 ||   120
         Punch             |     4 |       ||     4
    Use: Scroll            |     7 |     1 ||     8
 Armour: Robe              |    43 |     7 ||    50
  Dodge: Dodged            |    34 |     7 ||    41
